 Dungeon Crawl Stone Soup version 0.32-a0-163-g159c032296 (webtiles) character file.

Game seed: 17637028393216659542

73 dialectric the Shooter (level 4, -1/38 HPs)
             Began as a Minotaur Hunter on Feb 11, 2024.
             Slain by an ice beast (12 damage)
             ... on level 3 of the Dungeon.
             The game lasted 00:02:06 (1609 turns).

dialectric the Shooter (Minotaur Hunter)            Turns: 1609, Time: 00:02:06

Health: -1/38      AC:  3    Str: 18    XL:     4   Next: 8%
Magic:  3/3        EV: 12    Int:  6    God:
Gold:   196        SH:  0    Dex: 13    Spells: 3/3 levels left

rFire   . . .        e - +1 dagger (venom)
rCold   . . .        (no shield)
rNeg    . . .        c - +0 leather armour
rPois   .            (helmet restricted)
rElec   .            (no cloak)
rCorr   .            (no gloves)
SInv    .            (no boots)
Will    .....        (no amulet)
Stlth   ++           (no ring)
HPRegen 0.26/turn    (no ring)
MPRegen 0.08/turn

%: no passive effects
@: no status effects
A: horns 2, retaliatory headbutt
a: no special abilities


You were on level 3 of the Dungeon.
You visited 1 branch of the dungeon, and saw 3 of its levels.

You collected 196 gold pieces.

Inventory:

Hand Weapons
 a - a +0 shortbow
 e - a +1 dagger of venom (weapon)
Armour
 c - a +0 leather armour (worn)
Scrolls
 b - a scroll of butterflies
 d - a scroll of revelation {unknown}
 g - a scroll of noise {unknown}
 i - a scroll of fear {unknown}
 j - a scroll of vulnerability {unknown}
 k - a scroll of teleportation {unknown}
 m - a scroll of identify {unknown}
Potions
 f - a potion of might {unknown}
 h - a potion of curing
 l - 2 potions of resistance {unknown}


   Skills:
 + Level 3.4 Fighting
 + Level 4.9 Ranged Weapons
 + Level 3.0 Dodging
 + Level 1.7 Stealth


You had 3 spell levels left.
You didn't know any spells.
Your spell library was empty.

Dungeon Overview and Level Annotations

Branches:
Dungeon (3/15)

Altars:


Innate Abilities, Weirdness & Mutations

You have a pair of horns on your head.
You reflexively headbutt those who attack you in melee.


Message History

What level of the Dungeon? (default 11, ? - help)
There is a stone staircase leading down here.
You climb downwards.
There is a stone staircase leading up here.
Sorry, I don't know how to get there.
Unknown command.
No target in view!
Found 6 boomerangs.
You see here 6 boomerangs.
An ice beast comes into view.
The ice beast hits you but does no damage.
An ice beast is nearby!
You barely miss the ice beast. The ice beast barely misses you.
You closely miss the ice beast. You headbutt the ice beast.
The ice beast is lightly wounded.
The ice beast hits you. The ice beast freezes you!
You hit the ice beast.
The ice beast is poisoned.
You headbutt the ice beast!
The ice beast is moderately wounded.
The ice beast hits you. The ice beast freezes you!
You are too injured to fight recklessly!
You are too injured to fight recklessly!
You are too injured to fight recklessly!
You are too injured to fight recklessly!
You are too injured to fight recklessly!
Unknown command.
The ice beast attacks as it pursues you!
The ice beast hits you. The ice beast freezes you.
* * * LOW HITPOINT WARNING * * *
You aren't carrying any items that you can evoke.
Unknown command.
It was a potion of curing.
You feel better.
You closely miss the ice beast.
The ice beast is heavily wounded.
The ice beast closely misses you.
You hit the ice beast but do no damage.
The ice beast is heavily wounded.
The ice beast hits you.
* * * LOW HITPOINT WARNING * * *
The ice beast freezes you!
You die...

### #.# ..# #.# #
#.# #.# #.#.# #.#
#.#.#########.# #
...#.........#
#..###.#.#########
#......(........
##.###@#########
#Y# #####.##
#.....$# #.######


You could see an ice beast (very poisoned).

Vanquished Creatures
  An adder (D:2)
  A ribbon worm (D:2)
  2 dart slugs (D:1)
  A bat (D:1)
  7 endoplasms
  2 giant cockroaches (D:1)
  5 goblins
  6 hobgoblins
  8 jackals (D:1)
  3 quokkas
  4 ball pythons
  4 frilled lizards
  2 kobolds (D:2)
  4 rats
50 creatures vanquished.

Notes
Turn   | Place    | Note
-------+----------+-------------------------------------------
     0 | D:1      | dialectric the Minotaur Hunter began the quest for the Orb.
     0 | D:1      | Reached XP level 1. HP: 18/18 MP: 0/0
    84 | D:1      | Reached skill level 1 in Stealth
   125 | D:1      | Reached XP level 2. HP: 25/25 MP: 1/1
   430 | D:1      | Reached XP level 3. HP: 21/31 MP: 2/2
  1035 | D:2      | Found a faded altar of an unknown god.
  1397 | D:2      | Reached XP level 4. HP: 38/38 MP: 3/3
  1599 | D:3      | Noticed an ice beast
  1609 | D:3      | Slain by an ice beast

Illustrated notes

Levels and vault maps discovered:
D:1:      lightli_arrival_farm, layout_basic, nicolae_figureground_sparkle
D:2:      layout_loops_cross, shapermc_ecumenical_altar_mp_vishouse
D:3:      layout_basic, mainiacjoe_overflow_alcove_2, serial_glass,
          glass_columns_b, glass_columns_a, uniq_terence, uniq_sigmund

Skill      XL: |  1  2  3 |
---------------+----------+-----
Stealth        | 1 |  1.7
Fighting       | 3 |  3.4
Dodging        | 3 |  3.0
Ranged Weapons | |  4.9

Action                     |  1- 3 |  4- 6 || total
---------------------------+-------+-------++-------
  Melee: Dagger            |    66 |    16 ||    82
         Headbutt          |    11 |     2 ||    13
   Fire: Shortbow          |    27 |       ||    27
    Use: Potion            |       |     1 ||     1
   Stab: Sleeping          |     4 |       ||     4
 Armour: Leather armour    |    35 |    12 ||    47
  Dodge: Dodged            |    53 |     8 ||    61

Table legend: (Time is in decaauts)
 A = Elapsed time spent in this place.
 B = Non-inter-level travel time spent in this place.
 C = Inter-level travel time spent in this place.
 D = Time resting spent in this place.
 E = Time spent auto-exploring this place.
 F = Levels seen in this place.
 G = Mean time per level.
                   A        B        C        D        E       F      G
               +--------+--------+--------+--------+--------+-----+--------+
         Total |   1638 |   1601 |     37 |      0 |   1313 |   3 |  546.0 |
       Dungeon |   1638 |   1601 |     37 |      0 |   1313 |   3 |  546.0 |
               +--------+--------+--------+--------+--------+-----+--------+

Top non-repeatable levels by time:
     D:1: 822 daAuts
     D:2: 781 daAuts
     D:3: 33 daAuts
